 Dungeon Crawl Stone Soup version 0.30.1-4-g462c640d31 (webtiles) character file.

Game seed: 1767155362251976190

165 Babbit the Conjurer (level 5, -7/38 HPs)
             Began as a Draconian Conjurer on Sept 9, 2023.
             Killed from afar by Sigmund (8 damage)
             ... with a magic dart
             ... on level 3 of the Dungeon.
             The game lasted 00:09:38 (2558 turns).

Babbit the Conjurer (Draconian Conjurer)            Turns: 2558, Time: 00:09:40

Health: -7/38      AC:  5    Str:  9    XL:     5   Next: 21%
Magic:  4/9        EV: 12    Int: 20    God:
Gold:   106        SH:  0    Dex: 10    Spells: 7/10 levels left

rFire   . . .        c - staff of poison
rCold   . . .        (no shield)
rNeg    . . .        (body armour unavailable)
rPois   +            (helmet restricted)
rElec   .            (no cloak)
rCorr   +            (no gloves)
SInv    .            (no boots)
Will    .....        (no amulet)
Stlth   ++           d - ring of resist corrosion
HPRegen 0.26/turn    (no ring)
MPRegen 0.11/turn

%: no passive effects
@: no status effects
A: AC +5, unfitting armour, cold-blooded
a: no special abilities


You were on level 3 of the Dungeon.
You visited 1 branch of the dungeon, and saw 3 of its levels.

You collected 106 gold pieces.

Inventory:

Magical Staves
 c - a staff of poison (weapon)
Jewellery
 d - a ring of resist corrosion (left hand)
Wands
 f - a wand of acid (8)
Scrolls
 b - 2 scrolls of blinking
 g - a scroll of fear
 h - 2 scrolls of enchant armour
 i - a scroll of magic mapping
Potions
 a - a potion of magic
 e - a potion of cancellation


   Skills:
 + Level 2.2 Dodging
 + Level 2.2 Stealth
 + Level 3.0 Spellcasting
 + Level 5.6 Conjurations


You had 7 spell levels left.
You knew the following spells:

 Your Spells              Type           Power      Damage    Failure   Level
a - Magic Dart            Conj           100%       1d8       1%          1
b - Searing Ray           Conj           50%        2d6       2%          2

Your spell library contained the following spells:

 Spells                   Type           Power      Damage    Failure   Level
 Dazzling Flash           Conj/Hex       28%        N/A       14%         3
 Fulminant Prism          Conj/Hex       7%         3d6       41%         4
 Iskenderun's Mystic Bla  Conj/Tloc      14%        2d5       41%         4


Dungeon Overview and Level Annotations

Branches:
Dungeon (3/15)

Altars:

Annotations:
D:3 Sigmund


Innate Abilities, Weirdness & Mutations

Your plain brown scales are hard. (AC +5)
You cannot fit into any form of body armour.
You are cold-blooded and may be slowed by cold attacks.


Message History

You now have 106 gold pieces (gained 8).
Sigmund the Dreaded comes into view.
He is wielding a +0 scythe.
Found a scroll of identify.
Aiming: Magic Dart (safe; 1% risk of failure)
Press: ? - help, Q - select action, (/) - cycle Shift-Dir - straight line, f - Sigmund
Aim: Sigmund, wielding a +0 scythe and wearing a +0 robe (asleep, 100% to hit)
The magic dart hits Sigmund.
Sigmund is lightly wounded.
Sigmund gestures wildly while chanting.
Sigmund flickers and vanishes!
Deactivating autopickup; reactivate with Ctrl-A.
Aiming: Magic Dart (safe; 1% risk of failure)
Press: ? - help, Q - select action, (/) - cycle Shift-Dir - straight line, f - you
Okay, then.
Found 5 gold pieces.
A magic dart appears from out of thin air!
The magic dart hits you!
A puff of flame appears from out of thin air!
The puff of flame hits you! Something hits you!
* * * LOW HITPOINT WARNING * * *
Aiming: Magic Dart (safe; 1% risk of failure)
Press: ? - help, Q - select action, (/) - cycle Shift-Dir - straight line The magic dart hits something.
Something hits you.
* * * LOW HITPOINT WARNING * * *
Aiming: Magic Dart (safe; 1% risk of failure)
Press: ? - help, Q - select action, (/) - cycle Shift-Dir - straight line The magic dart hits something but does no damage.
Aiming: Magic Dart (safe; 1% risk of failure)
Press: ? - help, Q - select action, (/) - cycle Shift-Dir - straight line The magic dart hits something!
Something hits you.
* * * LOW HITPOINT WARNING * * *
Aiming: Magic Dart (safe; 1% risk of failure)
Press: ? - help, Q - select action, (/) - cycle Shift-Dir - straight line The magic dart hits something.
A magic dart appears from out of thin air!
The magic dart hits you!
You die...

#...# #...# ## #...# #.
#...# #.####### #...#
#$......# ##
##...########..?....#...
............#..{....#...
............#...........
............#...@...#
##...###............#
#...# #.##.#.......#
#...# #.##.#....#..##
#...# #.##..........#
#...###.####...##...##
#..............<.......
#...####.####....#..###
##..####.####.####..#


There were no monsters in sight!

Vanquished Creatures
  An ogre (D:2)
  2 adders (D:2)
  2 dart slugs (D:2)
  8 endoplasms
  A giant cockroach (D:1)
  4 goblins
  2 hobgoblins
  11 jackals
  4 quokkas
  2 ball pythons
  4 bats
  3 frilled lizards
  4 kobolds
  4 rats
52 creatures vanquished.

Notes
Turn   | Place    | Note
-------+----------+-------------------------------------------
     0 | D:1      | Babbit the Draconian Conjurer began the quest for the Orb.
     0 | D:1      | Reached XP level 1. HP: 14/14 MP: 3/3
   264 | D:1      | Reached XP level 2. HP: 20/20 MP: 3/5
   488 | D:1      | Found a faded altar of an unknown god.
   508 | D:1      | Learned a level 2 spell: Searing Ray
  1171 | D:2      | Reached XP level 3. HP: 26/26 MP: 2/6
  1822 | D:2      | Noticed an ogre
  1833 | D:2      | Killed an ogre
  1834 | D:2      | Reached skill level 5 in Conjurations
  1834 | D:2      | Reached XP level 4. HP: 33/33 MP: 0/8
  1834 | D:2      | Reached XP level 5. HP: 38/38 MP: 0/9
  2549 | D:3      | Noticed Sigmund
  2557 | D:3      | HP: 1/38 [something (4)]
  2558 | D:3      | Killed from afar by Sigmund

Illustrated notes

Levels and vault maps discovered:
D:1:      minmay_arrival_split_and_join, layout_basic,
          chequers_ecumenical_altar_simple_redux, serial_park_tiny_pond
D:2:      layout_basic, serial_rivers, chequers_serial_rivers_large_a,
          chequers_serial_rivers_micro_b, chequers_serial_rivers_micro_a,
          chequers_serial_rivers_micro_e, chequers_serial_rivers_room_a,
          chequers_serial_rivers_marsh, chequers_decorated_corner
D:3:      layout_loops_cross, mainiacjoe_overflow_small_starburst,
          lemuel_tele_altar, st_stairs_7, uniq_sigmund

Skill      XL: |  1  2  3 |
---------------+----------+-----
Stealth        | 2 |  2.2
Dodging        | 2 |  2.2
Spellcasting   | 3 |  3.0
Conjurations   | 5 |  5.6

Action                     |  1- 3 |  4- 6 || total
---------------------------+-------+-------++-------
  Melee: Unarmed           |     1 |       ||     1
         Staff             |    11 |       ||    11
         Tailslap          |     1 |       ||     1
   Cast: Magic Dart        |    80 |    25 ||   105
         Searing Ray       |     1 |       ||     1
    Use: Scroll            |       |     7 ||     7
 Armour: Skin              |    11 |       ||    11
  Dodge: Dodged            |    32 |       ||    32
